[Event "Late-Titled-Tuesday-Blitz-May-28-2024"]
[Site "Chess.com"]
[Date "2024.05.28"]
[Round "6"]
[White "MatthewG-p4p"]
[Black "Polish_fighter3000"]
[Result "1/2-1/2"]
[WhiteElo "2855"]
[BlackElo "3108"]
[TimeControl "180+1"]
[EndTime "15:08:53 PDT"]
[Termination "Game drawn by repetition"]

1. e4 e5 2. Nf3 Nc6 3. d4 exd4 4. c3 dxc3 5. Nxc3 Bb4 6. Bc4 d6 7. Qb3 Qe7 8. O-O Bxc3 9. bxc3 Nf6 10. e5 Nxe5 11.
Nxe5 dxe5 12. Ba3 c5 13. Bb5+ Bd7 14. Bxd7+ Qxd7 15. Bxc5 Qc6 16. Ba3 O-O-O 17. Qxf7 Rd7 18. Qb3 Rhd8 19. Rfe1 e4 20. Rab1 Rd3 21. Be7 Re8 22. Bxf6 gxf6 23. Qf7 Re5 24. Qxh7 a6 25. c4 Rd7 26.
Qg8+ Rd8 27. Qg4+ Kb8 28. Qf4 Ka8 29. Red1 Rxd1+ 30. Rxd1 Qxc4 31. Qxf6 Rd5 32. Re1 Qxa2 33. h4 Qc2 34. Qf7 Re5 35. h5 e3 36. Rxe3 Qd1+ 37. Kh2 Rxh5+ 38. Rh3 Qd6+ 39. g3 Rxh3+ 40. Kxh3 a5 41. g4 Ka7 42. g5 Qd3+ 43. f3 Qf1+ 44.
Kg4 Qg1+ 45. Kh5 Qh2+ 46. Kg6 a4 47. Qd7 Qc2+ 48. Kh6 a3 49. Qd4+ b6 50. g6 a2 51. g7 Qh2+ 52. Kg6 Qg2+ 53. Kh7 Qh3+ 54. Kg6 Qg3+ 55. Qg4 Qxg4+ 56. fxg4 a1=Q 57. g8=Q Qb1+ 58. Kh6 Qh1+ 59. Kg7 Qa1+ 60. Kg6 Qb1+ 61. Kh6 Qh1+ 62. Kg7 Qb7+ 63. Kh6 Qc6+ 64. Kh7 Qc2+ 65. Kh6 b5 66.
Qg7+ Ka6 67. Qf6+ Ka5 68. g5 Qh2+ 69. Kg7 b4 70. g6 Ka4 71. Kf7 Qc7+ 72. Qe7 Qc4+ 73.
Qe6 Qf4+ 74. Kg8 b3 75. g7 Qb8+ 76. Kf7 Qf4+ 77. Ke7 Qg5+ 78. Qf6 Qc5+ 79. Kf7 Qd5+ 80. Qe6 Qf3+ 81. Ke7 Qb7+ 82. Kf6 Qf3+ 83. Kg6 Qg2+ 84. Kh6 Qh2+ 85. Kg6 Qg2+ 86. Kh7 Qh1+ 87. Kg6 Qg2+ 1/2-1/2

[Event "Late-Titled-Tuesday-Blitz-May-28-2024"]
[Site "Chess.com"]
[Date "2024.05.28"]
[Round "6"]
[White "Ramosha"]
[Black "rasmussvane"]
[Result "0-1"]
[WhiteElo "2566"]
[BlackElo "2929"]
[TimeControl "180+1"]
[EndTime "15:08:59 PDT"]
[Termination "rasmussvane won by checkmate"]

1. e4 c6 2. Nf3 d5 3. d3 Bg4 4. h3 Bxf3 5. Qxf3 e6 6. g3 Nf6 7. Bg2 Nbd7 8. O-O Bc5 9. Nc3 O-O 10. Qe2 Qc7 11. Kh1 dxe4 12. dxe4 e5 13. f4 b5 14. f5 h6 15. g4 Be7 16. Nd1 Nc5 17. Nf2 a5 18. Be3 Nfd7 19. Rfd1 Bg5 20. Bxg5 hxg5 21. Qe3 f6 22. Rd2 Rad8 23. Rad1 a4 24. a3 Nb7 25. Bf1 Qb6 26. Qf3 Ndc5 27. c4 Rxd2 28. Rxd2 b4 29. Qe3 b3 30. Nd1 Rd8 31. Nc3 Rxd2 32.
Qxd2 Kf8 33. Kg2 Ke7 34. Kf3 Qc7 35. Be2 Qb8 36. Kg3 Nd6 37. Qe3 Ndb7 38. Qd2 Qc7 39.
Kg2 Qa5 40. Qe3 Qd8 41. Kf3 Qd4 42. Bf1 Nd6 43. Be2 Kd7 44. Bf1 Kc7 45. Be2 Kd8 46. Bf1 Ke7 47. Be2 Kf7 48. Bf1 g6 49. Be2 gxf5 50. gxf5 Ke7 51. Bf1 Kf8 52. Be2 Kg7 53.
Bf1 Kh7 54. Be2 Kh6 55. Bf1 Qxe3+ 56. Kxe3 Kh5 57. Kf3 Kh4 58. Nd1 Ncxe4 59. Ne3 Nd2+ 60. Ke2 N2xc4 61. Ng4 Nxb2 62. Nxf6 Nbc4 63. Kd1 Nxa3 64.
Bd3 b2 65. Ng4 b1=Q+ 66. Bxb1 Nxb1 67. f6 a3 68. Kc2 a2 69. Kb2 e4 70. Kxa2 Nc3+ 71. Kb3 Nd5 72. Kc2 Kh5 73. Kd2 Kg6 74.
Ke2 Nxf6 75. Ne5+ Kf5 76. Nxc6 Nb5 77. Ke3 Nd5+ 78. Kf2 Kf4 79. Nd8 e3+ 80. Ke2 Nd4+ 81. Ke1 Nf3+ 82. Ke2 Nc3+ 83. Kd3 e2 84. Ne6+ Kg3 85. Ng7 e1=Q 86. Nf5+ Kf2 87. Kc4 Qe4+ 88. Nd4 Qxd4+ 89. Kb3 Nd5 90. Kc2 Qc3+ 91. Kb1 Nd2+ 92. Ka2 Qb3+ 93. Ka1 Qa3# 0-1

[Event "Late-Titled-Tuesday-Blitz-May-28-2024"]
[Site "Chess.com"]
[Date "2024.05.28"]
[Round "6"]
[White "VD_coach"]
[Black "NMJeevanK"]
[Result "1/2-1/2"]
[WhiteElo "2533"]
[BlackElo "2683"]
[TimeControl "180+1"]
[EndTime "15:09:18 PDT"]
[Termination "Game drawn by repetition"]

1. Nf3 g6 2. d4 Bg7 3. c4 d6 4. g3 Nf6 5. Bg2 O-O 6. O-O c6 7. Nc3 Bf5 8. Be3 Ne4 9. Nxe4 Bxe4 10. Qd2 d5 11. b3 Nd7 12. Rfd1 e5 13. dxe5 Bxf3 14.
exf3 Nxe5 15. cxd5 cxd5 16. f4 Nc6 17. Rac1 d4 18.
Bxc6 dxe3 19. Qxe3 Qa5 20. Bxb7 Rab8 21. Bd5 Qxa2 22.
Bc4 Qa3 23. Rd7 a5 24. Rcd1 a4 25. bxa4 Qxa4 26. Qe4 Kh8 27. Qd5 Rbe8 28. Kg2 Qc2 29. Rxf7 Rxf7 30. Qxf7 Rf8 31. Qd5 g5 32. Bd3 Qxd1 33.
Qe4 Qh5 34. fxg5 Re8 35. Qf5 Rf8 36. Qe4 Rd8 37. h4 Re8 38. Qf5 Rf8 39. Qe4 Re8 40.
Qc6 Qf7 41. g6 Qe6 42. Qxe6 Rxe6 43. gxh7 Bd4 44. f4 Re3 45. Bf5 Kg7 46. g4 Ra3 47.
g5 Be3 48. Kf3 Bc5+ 49. Kg4 Bf2 50. h5 Rg3+ 51. Kh4 Rf3+ 52. Kg4 Rg3+ 53. Kh4 Rg1+ 54. Kh3 Be3 55. h6+ Kh8 56. g6 Bd4 57. g7+ Bxg7 58.
hxg7+ Kxg7 59. Be4 Re1 60. h8=Q+ Kxh8 61. Bf5 Kg7 62.
Kg4 Kf6 63. Bd3 Re3 64. Bf1 Re7 65. Bh3 Rg7+ 66. Kf3 Rh7 67. Bg4 Ra7 68. Kg3 Ra3+ 69. Kh4 Ra4 70. Kg3 Ra1 71. Bf3 Rg1+ 72. Kf2 Rc1 73. Be4 Rc3 74. Kg2 Ra3 75. Kf2 Ra4 76. Kf3 Ra3+ 77. Kf2 Ra7 78. Kf3 Re7 79. Bd3 Rd7 80. Be4 Rc7 81. Kf2 Rc3 82. Kg2 Ke6 83.
Kf2 Kd6 84. Bf3 Kc5 85. Kg3 Kd4 86. Kg4 Ke3 87. f5 Rc4+ 88. Kg5 Kxf3 89. f6 Ke4 90. f7 Rc8 91. Kf6 Kd5 92. Ke7 Rc7+ 93. Kf6 Rc8 94.
Ke7 Rc7+ 95. Kf6 Rc6+ 96. Ke7 Rc7+ 1/2-1/2

[Event "Late-Titled-Tuesday-Blitz-May-28-2024"]
[Site "Chess.com"]
[Date "2024.05.28"]
[Round "6"]
[White "crazy_but_lazy"]
[Black "Cambek64"]
[Result "0-1"]
[WhiteElo "2672"]
[BlackElo "2535"]
[TimeControl "180+1"]
[EndTime "15:09:20 PDT"]
[Termination "Cambek64 won by checkmate"]

1. d4 b5 2. e4 Bb7 3. Bd3 e6 4. Nf3 a6 5. O-O Nf6 6. Re1 Be7 7. Nbd2 d5 8. e5 Nfd7 9. Nf1 c5 10. c3 Nc6 11. Ng3 g6 12. Be3 h5 13.
h3 cxd4 14. cxd4 Nb6 15. Ne2 Nc4 16. Bc1 Qb6 17. a4 b4 18. b3 Na3 19. Be3 a5 20.
Nf4 Ba6 21. Rc1 Kd7 22. Bxa6 Qxa6 23. Nd3 Rac8 24. Qd2 Na7 25. Bg5 Rxc1 26. Rxc1 Rc8 27. Bxe7 Kxe7 28. Nc5 Qc6 29. Qf4 Qe8 30. Qf6+ Kf8 31.
Ng5 Kg8 32. Re1 Nc6 33. Rd1 Nc2 34. Nb7 Qe7 35. Nd6 Qxf6 36. exf6 Rd8 37. Nb5 Kf8 38. Nf3 Na3 39. Rc1 Nxb5 40. axb5 Nb8 41. Ra1 Nd7 42. Rxa5 Nxf6 43. Ne5 Nd7 44. Nc6 Rc8 45. Ra7 Ke8 46.
Kf1 Nf6 47. f3 h4 48. Kf2 Nh5 49. b6 Rxc6 50. b7 Rb6 51. Ra8+ Kd7 52. b8=Q Rxb8 53.
Rxb8 Nf4 54. Rb7+ Ke8 55. Kf1 Nd3 56. Ke2 Nf4+ 57. Kf2 g5 58. g3 hxg3+ 59. Kxg3 Ne2+ 60. Kg4 Nxd4 61. Rxb4 e5 62. Rb7 Ne6 63. Kg3 d4 64. Kf2 Nf4 65. b4 Nxh3+ 66. Ke1 Ng1 67. Kf2 Nh3+ 68. Ke2 Nf4+ 69. Kd2 g4 70. fxg4 e4 71. b5 e3+ 72. Ke1 d3 73. Ra7 d2+ 74. Kd1 Nd3 75. Ra3 Nb2+ 76. Kc2 d1=Q+ 77. Kxb2 e2 78. Re3+ Kf8 79. b6 e1=Q 80. Rxe1 Qxe1 81. b7 Qb4+ 82. Kc2 Qxb7 83. Kd3 Qg2 84. g5 Qxg5 85. Ke4 Qg6+ 86. Kf3 Ke7 87. Kf4 Ke6 88. Kf3 Ke5 89. Ke3 Qg3+ 90. Ke2 Ke4 91. Kf1 Qh2 92. Ke1 Ke3 93. Kd1 Qd2# 0-1

[Event "Late-Titled-Tuesday-Blitz-May-28-2024"]
[Site "Chess.com"]
[Date "2024.05.28"]
[Round "6"]
[White "Jarming"]
[Black "ExchangeAB"]
[Result "0-1"]
[WhiteElo "2632"]
[BlackElo "2501"]
[TimeControl "180+1"]
[EndTime "15:10:04 PDT"]
[Termination "ExchangeAB won on time"]

1. d4 d5 2. c4 c6 3. Nc3 Nf6 4.
Nf3 dxc4 5. a4 Bf5 6. e3 e6 7. Bxc4 Be7 8. Qe2 Ne4 9. O-O Nd7 10. Rd1 O-O 11. h3 Ndf6 12. Ne5 Rc8 13. a5 Qc7 14.
Bd2 Nxd2 15. Rxd2 Ne4 16. Nxe4 Bxe4 17. f3 Bg6 18. a6 b6 19. Bd3 Bd6 20. f4 Bxe5 21. dxe5 Bxd3 22. Rxd3 b5 23. Rd6 Qb6 24. Qd3 g6 25. Kh2 Rfd8 26. e4 Rf8 27. b4 Qf2 28.
Rf1 Qb6 29. f5 Qxa6 30. f6 h6 31. Rf4 Qa1 32. Rd4 c5 33. bxc5 Rxc5 34. Rh4 Qc1 35.
Rd8 Rc8 36. Rxf8+ Rxf8 37. Rg4 h5 38. Rg3 Qf4 39. Kh1 Qxe5 40. Rf3 a5 41. Qd2 Kh7 42.
Qxa5 Rc8 43. Rf1 Qc7 44. Qxb5 Qc4 45. Qb1 Qc2 46. Qe1 Qc3 47. Qf2 Qc5 48. Qf4 Qc7 49.
e5 Qc4 50. Qf2 Qc5 51. Qf3 Qxe5 52. Qb7 Qc7 53. Qa6 Qc6 54. Qa7 Qc7 55. Qa6 Qc4 56. Qa1 g5 57. Qb1+ Qc2 58. Qe1 Kg6 59. Qa5 Rc5 60.
Qd8 Rc8 61. Qe7 Qc7 62. Qb4 e5 63. Rf2 e4 64. Qxe4+ Kh6 65. Qe7 Qc1+ 66. Kh2 Qc7+ 67. g3 Qxe7 68. fxe7 Kg6 69. Re2 Re8 70. g4 hxg4 71.
hxg4 f6 72. Kg3 Kf7 73. Rb2 Rxe7 74. Kf3 Kg6 75. Rb8 Re6 76. Rg8+ Kf7 77. Ra8 Rd6 78. Ke4 Ke6 79. Re8+ Kf7 80. Ra8 Rb6 81. Ra4 Rb5 82.
Ra8 Rb4+ 83. Kf3 Rf4+ 84. Kg3 Rd4 85. Ra6 Rd5 86. Kf3 Rd4 87. Kg3 Ke7 88. Ra7+ Rd7 89. Ra8 Ke6 90. Kf3 Rd6 91. Ra5 Rd5 92. Ra6+ Ke5 93. Ra8 Rd3+ 94. Kg2 Kf4 95. Ra4+ Ke5 96.
Kf2 Rd4 97. Ra5+ Rd5 98. Ra6 Kf4 99. Rxf6+ Kxg4 100. Ra6 Rd2+ 101. Ke3 Rg2 102. Ra8 Kg3 103. Rf8 g4 104. Rh8 Ra2 105. Rg8 Ra3+ 106. Ke2 Rf3 107. Rg7 Rf4 108. Ke3 Rf5 109. Ke2 Kh3 110. Rg8 g3 111. Rh8+ Kg2 112. Ke1 Kg1 113. Rg8 Re5+ 114. Kd2 g2 115. Rh8 Kf2 116. Rf8+ Kg3 117. Rg8+ Kf3 118. Rf8+ Kg4 119. Rg8+ Rg5 0-1

[Event "Late-Titled-Tuesday-Blitz-May-28-2024"]
[Site "Chess.com"]
[Date "2024.05.28"]
[Round "7"]
[White "DonMicheleCorleone"]
[Black "H3nriqueTV"]
[Result "1-0"]
[WhiteElo "2504"]
[BlackElo "2366"]
[TimeControl "180+1"]
[EndTime "15:12:09 PDT"]
[Termination "DonMicheleCorleone won by resignation"]

1. e4 c5 2. c3 b6 3. d4 cxd4 4. cxd4 Bb7 5. Nc3 e6 6. Nf3 a6 7. Bd3 Bb4 8. O-O d6 9. Qe2 Nf6 10. Bg5 h6 11. Bh4 g5 12. Bg3 Nc6 13. d5 Ne7 14. dxe6 fxe6 15. e5 Bxc3 16. exf6 Bxf6 17.
Qxe6 1-0

[Event "Late-Titled-Tuesday-Blitz-May-28-2024"]
[Site "Chess.com"]
[Date "2024.05.28"]
[Round "7"]
[White "jcmesafischer"]
[Black "Itay121"]
[Result "1-0"]
[WhiteElo "2373"]
[BlackElo "2525"]
[TimeControl "180+1"]
[EndTime "15:12:42 PDT"]
[Termination "jcmesafischer won by resignation"]

1. e4 e6 2. Qe2 d5 3. exd5 Nf6 4. Nc3 Bb4 5. Qb5+ c6 6. Qxb4 exd5 7. Nf3 b6 8. d4 Na6 9. Bxa6 Bxa6 10. Bf4 Ne4 11. Nxe4 dxe4 12. Nd2 Qd5 13. Qd6 Rd8 14. Qxd5 cxd5 15. c3 Bd3 16. Nf1 f6 17. h4 Kf7 18.
Ne3 b5 19. Kd2 a5 20. a4 bxa4 21. Rxa4 Rb8 22. Bxb8 Rxb8 23. b4 axb4 1-0

[Event "Late-Titled-Tuesday-Blitz-May-28-2024"]
[Site "Chess.com"]
[Date "2024.05.28"]
[Round "7"]
[White "Tol_Tol"]
[Black "GlavkonVVS"]
[Result "0-1"]
[WhiteElo "2348"]
[BlackElo "2561"]
[TimeControl "180+1"]
[EndTime "15:13:01 PDT"]
[Termination "GlavkonVVS won by resignation"]

1. d4 Nf6 2. c4 c5 3. d5 e6 4. Nc3 exd5 5. cxd5 d6 6. e4 g6 7. Bd3 Bg7 8. h3 O-O 9. Nf3 b5 10. Nxb5 Nxe4 11. Bxe4 Qa5+ 12. Nc3 Re8 13. Ng5 Ba6 14. f3 Bd4 15. Bd2 h6 16. Ne6 fxe6 17. Bxg6 Nd7 18. Ne2 Qd8 19. Nxd4 Qh4+ 0-1

[Event "Late-Titled-Tuesday-Blitz-May-28-2024"]
[Site "Chess.com"]
[Date "2024.05.28"]
[Round "7"]
[White "Zorbos"]
[Black "vi_pranav"]
[Result "0-1"]
[WhiteElo "2739"]
[BlackElo "3036"]
[TimeControl "180+1"]
[EndTime "15:13:03 PDT"]
[Termination "vi_pranav won by resignation"]

1. e4 e5 2. Nf3 Nc6 3. Bb5 a6 4. Ba4 d6 5. c3 Bd7 6. Bc2 g6 7. O-O Bg7 8. Re1 Nf6 9. d4 O-O 10.
Nbd2 Nh5 11. Nf1 h6 12. Ng3 Bg4 13. d5 Ne7 14. h3 Bxf3 15. Qxf3 Nxg3 16. fxg3 c6 17.
dxc6 bxc6 18. Kh2 d5 19. Be3 f5 20. exf5 Nxf5 21. Qg4 Qd6 22. Bd2 h5 23. Qe2 Nxg3 0-1

[Event "Late-Titled-Tuesday-Blitz-May-28-2024"]
[Site "Chess.com"]
[Date "2024.05.28"]
[Round "7"]
[White "Fonsofan"]
[Black "RantomOpening"]
[Result "0-1"]
[WhiteElo "2765"]
[BlackElo "2587"]
[TimeControl "180+1"]
[EndTime "15:13:03 PDT"]
[Termination "RantomOpening won by resignation"]

1. e4 c5 2. Nf3 e6 3. c4 Nc6 4. Nc3 Nf6 5. d4 cxd4 6. Nxd4 Bc5 7.
Nb3 Bb4 8. Bd3 d5 9. cxd5 exd5 10. exd5 Bxc3+ 11. bxc3 Qxd5 12. Ba3 Qe5+ 13. Kd2 Be6 14. Nd4 Nxd4 15. cxd4 Qa5+ 0-1

[Event "Late-Titled-Tuesday-Blitz-May-28-2024"]
[Site "Chess.com"]
[Date "2024.05.28"]
[Round "7"]
[White "BenchGM"]
[Black "2L8IWUN"]
[Result "1-0"]
[WhiteElo "2234"]
[BlackElo "2168"]
[TimeControl "180+1"]
[EndTime "15:14:09 PDT"]
[Termination "BenchGM won by checkmate"]

1. d4 Nf6 2. Nf3 d5 3. Bg5 e6 4. e3 Nbd7 5. Bd3 h6 6. Bf4 Bd6 7. Ne5 O-O 8. Nd2 Qe7 9. Qf3 c5 10. c3 Ne8 11. h4 cxd4 12. exd4 Nxe5 13. dxe5 Bc5 14. Qg3 Kh8 15. Rh3 f6 16. O-O-O Bxf2 17. exf6 Bxg3 18. fxe7 Rxf4 19. Rxg3 Rf7 20. Nf3 Rxe7 21.
Ne5 Rc7 22. Rf1 Nd6 23. Rf8# 1-0

[Event "Late-Titled-Tuesday-Blitz-May-28-2024"]
[Site "Chess.com"]
[Date "2024.05.28"]
[Round "7"]
[White "lrjchess"]
[Black "crazy_but_lazy"]
[Result "1-0"]
[WhiteElo "2498"]
[BlackElo "2660"]
[TimeControl "180+1"]
[EndTime "15:14:18 PDT"]
[Termination "lrjchess won by checkmate"]

1. d4 Nf6 2. Nc3 d5 3. Bg5 e6 4. e4 h6 5. Bxf6 Qxf6 6. exd5 Bb4 7. dxe6 Bxe6 8. a3 Ba5 9. Nf3 O-O 10. Be2 Rd8 11. O-O c5 12. Ne4 Qg6 13. Nxc5 Bd5 14. c4 Be4 15. Nxe4 Qxe4 16. Qd3 Qf4 17. Qe3 Qc7 18.
b4 Bb6 19. c5 Nc6 20. cxb6 Qxb6 21. d5 Qxe3 22. fxe3 Ne7 23. e4 Ng6 24. Rac1 a5 25. b5 Rac8 26. g3 Re8 27. Bd3 f6 28. Kf2 Nf8 29. Ke3 Nd7 30. Kd4 b6 31. Rc6 Rcd8 32. Rfc1 Kf7 33. Rc7 Kf8 34. Nh4 Nc5 35. Ng6+ Kg8 36.
R1xc5 bxc5+ 37. Kxc5 f5 38. exf5 Re3 39. Bc4 Kh7 40.
b6 Rxa3 41. b7 Rb8 42. Rc8 Rxb7 43. Rh8# 1-0

[Event "Late-Titled-Tuesday-Blitz-May-28-2024"]
[Site "Chess.com"]
[Date "2024.05.28"]
[Round "7"]
[White "nindjaxx8"]
[Black "Engima32"]
[Result "1-0"]
[WhiteElo "2632"]
[BlackElo "2466"]
[TimeControl "180+1"]
[EndTime "15:14:25 PDT"]
[Termination "nindjaxx8 won by checkmate"]

1. d4 Nf6 2. c4 g6 3. Nc3 Bg7 4.
e4 d6 5. Be2 O-O 6. Be3 c5 7.
d5 e6 8. Nf3 exd5 9. cxd5 Re8 10. Nd2 a6 11. a4 Ng4 12. Bxg4 f5 13. Bf3 Qa5 14. O-O Bxc3 15. bxc3 Qxc3 16. exf5 Bxf5 17. Bf4 Qf6 18. Nc4 Rd8 19. Re1 Nd7 20. Bg3 Nf8 21.
Be4 Bxe4 22. Rxe4 b5 23. Ne3 c4 24. h3 Rdc8 25. Rc1 Rab8 26. axb5 axb5 27. Ng4 Qg7 28.
Bxd6 c3 29. Be5 Qb7 30. Nh6# 1-0

[Event "Late-Titled-Tuesday-Blitz-May-28-2024"]
[Site "Chess.com"]
[Date "2024.05.28"]
[Round "7"]
[White "Cambek64"]
[Black "Statham_01"]
[Result "0-1"]
[WhiteElo "2531"]
[BlackElo "2704"]
[TimeControl "180+1"]
[EndTime "15:14:32 PDT"]
[Termination "Statham_01 won by resignation"]

1. e4 e5 2. Nf3 Nf6 3. Nxe5 d5 4.
exd5 Qxd5 5. Nf3 Bd6 6. Be2 Bg4 7. d3 Nc6 8. Nc3 Qh5 9. Be3 O-O 10. h3 Rfe8 11. Kd2 Bxf3 12. Bxf3 Qa5 13. a3 Be5 14. b4 Nxb4 15. d4 Nbd5 16. Bxd5 Nxd5 17. dxe5 Rad8 18. Qf3 Nxe3+ 19. Kxe3 Qxc3+ 20. Kf4 Qxe5+ 21. Kg4 Rd4+ 0-1

[Event "Late-Titled-Tuesday-Blitz-May-28-2024"]
[Site "Chess.com"]
[Date "2024.05.28"]
[Round "7"]
[White "tactic"]
[Black "maurovargas01"]
[Result "1-0"]
[WhiteElo "2552"]
[BlackElo "1931"]
[TimeControl "180+1"]
[EndTime "15:14:35 PDT"]
[Termination "tactic won by checkmate"]

1. Nf3 Nc6 2. d4 d6 3. g3 g6 4. Bg2 Bg7 5. O-O e5 6. e3 Bg4 7. h3 Bxf3 8. Bxf3 exd4 9. exd4 Nxd4 10. Bxb7 Rb8 11. Re1+ Ne7 12. Bg5 Ne6 13. Bc6+ Kf8 14. Rxe6 fxe6 15. Qf3+ Kg8 16. Qg4 h6 17. Qxe6+ Kh7 18. Bxe7 Qg8 19. Qd7 Rxb2 20. Bf6 Rxc2 21. Be4 Rc1+ 22. Kh2 Qf8 23. Bd4 Rc4 24. Qe6 Rxd4 25.
Bxg6# 1-0

[Event "Late-Titled-Tuesday-Blitz-May-28-2024"]
[Site "Chess.com"]
[Date "2024.05.28"]
[Round "7"]
[White "eljanov"]
[Black "Stanbad1"]
[Result "1-0"]
[WhiteElo "2886"]
[BlackElo "2674"]
[TimeControl "180+1"]
[EndTime "15:14:42 PDT"]
[Termination "eljanov won by resignation"]

1. d4 Nf6 2. Bf4 g6 3. Nf3 Bg7 4. e3 d6 5. h3 O-O 6. Be2 b6 7.
O-O Bb7 8. c4 Nbd7 9. Nc3 c5 10.
d5 a6 11. e4 b5 12. cxb5 axb5 13.
Bxb5 Qa5 14. Nd2 Nb6 15. Re1 Rfd8 16. Qc2 e6 17. dxe6 fxe6 18. a4 d5 19. Nb3 Qa7 20. Nxc5 d4 21. Nxb7 Qxb7 22. Nb1 Rac8 23. Qd3 Nbd7 24.
Nd2 e5 25. Bg5 Nc5 26. Qg3 Nfxe4 27. Nxe4 Nxe4 28. Qb3+ Kh8 29. Bxd8 Rxd8 30. Qf3 Nc5 31. Qxb7 Nxb7 32. a5 Nd6 33. Bd3 Rb8 34. a6 Ra8 35. a7 e4 36. Bxe4 Nxe4 37. Rxe4 d3 38. Re7 Bxb2 39. Rd1 Bd4 40. Rxd3 Rxa7 41. Rxa7 Bxa7 42.
Rd8+ 1-0

[Event "Late-Titled-Tuesday-Blitz-May-28-2024"]
[Site "Chess.com"]
[Date "2024.05.28"]
[Round "7"]
[White "jinxy2009"]
[Black "Onthequiet"]
[Result "0-1"]
[WhiteElo "2292"]
[BlackElo "2434"]
[TimeControl "180+1"]
[EndTime "15:14:42 PDT"]
[Termination "Onthequiet won by resignation"]

1. c4 b6 2. Nf3 Bb7 3. d4 Nf6 4.
Nc3 e6 5. g3 Bb4 6. Qc2 Ne4 7.
Bg2 Nxc3 8. bxc3 Be7 9. O-O O-O 10. Ng5 Bxg5 11. Bxb7 Bxc1 12. Bxa8 Bh6 13. Bg2 c6 14. a4 d5 15. cxd5 exd5 16. e4 dxe4 17.
Bxe4 g6 18. a5 b5 19. Rfd1 Bg7 20. d5 c5 21. d6 b4 22. Rac1 Bxc3 23. Bd5 Qxa5 24.
Rd3 Nd7 25. Rf3 Qb6 26. Rd1 Bd4 27. Qc4 Ne5 0-1

[Event "Late-Titled-Tuesday-Blitz-May-28-2024"]
[Site "Chess.com"]
[Date "2024.05.28"]
[Round "7"]
[White "Synctel"]
[Black "Iuckyducky"]
[Result "1-0"]
[WhiteElo "2083"]
[BlackElo "2240"]
[TimeControl "180+1"]
[EndTime "15:14:48 PDT"]
[Termination "Synctel won by resignation"]

1. d4 Nf6 2. Nf3 d5 3. e3 Bf5 4. c4 c6 5. Nc3 Nbd7 6. cxd5 cxd5 7. Qb3 Rb8 8. Nxd5 Qa5+ 9. Nc3 e6 10. Bd2 Be7 11. Be2 O-O 12. O-O b5 13. Nd5 Qd8 14. Nxe7+ Qxe7 15. Bb4 Qd8 16. Bxf8 Qxf8 17. Rac1 Ne4 18.
Rfd1 Ndf6 19. Ne5 h6 20. f3 Nd6 21. e4 Bh7 22. Nc6 Rb7 23. e5 a6 24. exf6 gxf6 25. Bd3 Nf5 26. d5 Ne3 27. Bxh7+ Kxh7 28. Qxe3 1-0

[Event "Late-Titled-Tuesday-Blitz-May-28-2024"]
[Site "Chess.com"]
[Date "2024.05.28"]
[Round "7"]
[White "Grischuk"]
[Black "carokannlover213"]
[Result "1-0"]
[WhiteElo "3128"]
[BlackElo "2751"]
[TimeControl "180+1"]
[EndTime "15:14:51 PDT"]
[Termination "Grischuk won by resignation"]

1. d4 d5 2. Nf3 Nf6 3. Bg5 e6 4. Nbd2 Nbd7 5. e3 h6 6. Bf4 Bd6 7. Bd3 O-O 8. h4 Qe7 9. Ne5 c5 10. c3 cxd4 11. exd4 Bxe5 12. dxe5 Nc5 13. Bc2 Nfe4 14. f3 Nxd2 15. Qxd2 f6 16. O-O-O b5 17. exf6 Rxf6 18. Qe3 Bd7 19. Rxd5 Rc8 20. Bd6 exd5 21. Bxe7 Re6 22. Bxc5 1-0

[Event "Late-Titled-Tuesday-Blitz-May-28-2024"]
[Site "Chess.com"]
[Date "2024.05.28"]
[Round "7"]
[White "jaramsdal"]
[Black "ChessLebaneseSalah"]
[Result "0-1"]
[WhiteElo "2405"]
[BlackElo "2558"]
[TimeControl "180+1"]
[EndTime "15:15:06 PDT"]
[Termination "ChessLebaneseSalah won by resignation"]

1. e4 e5 2. f4 d5 3. exd5 exf4 4. Nf3 Bd6 5. Nc3 Nf6 6. d4 O-O 7. Be2 Re8 8. O-O h6 9. Ne5 Nbd7 10. Nxd7 Qxd7 11. Bxf4 Bxf4 12. Rxf4 Nxd5 13. Nxd5 Qxd5 14. Qf1 Be6 15. Bf3 Qd6 16. Bh5 Re7 17. c3 Rf8 18. Re1 c5 19. Kh1 Bxa2 20. Rxe7 Qxe7 21. dxc5 Qxc5 22.
c4 Qxh5 0-1

[Event "Late-Titled-Tuesday-Blitz-May-28-2024"]
[Site "Chess.com"]
[Date "2024.05.28"]
[Round "7"]
[White "Rud_Makarian"]
[Black "FairChess_on_YouTube"]
[Result "0-1"]
[WhiteElo "2953"]
[BlackElo "3091"]
[TimeControl "180+1"]
[EndTime "15:15:11 PDT"]
[Termination "FairChess_on_YouTube won by resignation"]

1. d4 Nf6 2. c4 e6 3. Nf3 d5 4. g3 Be7 5. Bg2 O-O 6. O-O dxc4 7. Qc2 a6 8. a4 Bd7 9. Qxc4 Bc6 10. Bg5 a5 11.
Nc3 Na6 12. Rfe1 Nb4 13. e4 Nc2 14. Rad1 Nxe1 15. Rxe1 Nd7 16. Bf4 Nb6 17. Qb3 Bb4 18.
Ra1 Bxc3 19. Qxc3 Bxe4 20. Bxc7 Nd5 21. Bxd8 Nxc3 22. Be7 Rfe8 23. bxc3 Rxe7 24. Nd2 Bxg2 25.
Kxg2 Rc7 26. Ra3 Rac8 27. Nb1 Rc4 28. f4 f6 29. Kf3 e5 30. Ke4 exd4 31. cxd4 Rd8 32.
Rd3 Rxa4 33. Nd2 Rb4 0-1

[Event "Late-Titled-Tuesday-Blitz-May-28-2024"]
[Site "Chess.com"]
[Date "2024.05.28"]
[Round "7"]
[White "TatjanaVasilevich"]
[Black "northridgehawk"]
[Result "1-0"]
[WhiteElo "2572"]
[BlackElo "2352"]
[TimeControl "180+1"]
[EndTime "15:15:18 PDT"]
[Termination "TatjanaVasilevich won by resignation"]

1. d4 Nf6 2. c4 g6 3. Nc3 d5 4. cxd5 Nxd5 5. e4 Nxc3 6. bxc3 Bg7 7. Bc4 O-O 8. Ne2 Nc6 9. O-O b6 10. f3 Bb7 11. Be3 e5 12. d5 Na5 13. Bd3 c6 14. c4 cxd5 15. cxd5 Rc8 16. Qa4 Qd6 17. Rfc1 Rc7 18. Rxc7 Qxc7 19. Rc1 Qd6 20. Nc3 Rc8 21. Kf2 a6 22. Ne2 Rxc1 23. Nxc1 Bf8 24. Nb3 Nxb3 25. Qxb3 b5 26. a4 Qd8 27. axb5 Qh4+ 28. Kf1 Qxh2 29. bxa6 Qh1+ 30. Kf2 Qh4+ 31. Ke2 Bxa6 32.
Bxa6 Qg3 33. Kf1 Qh2 34. Qb8 Qh1+ 35. Kf2 Qh4+ 36. Ke2 Kg7 37. d6 Qg3 38. Kf1 Qh4 39. d7 Be7 40. Ke2 Qf6 41. Bb6 h5 42. d8=Q Bxd8 43.
Qxd8 1-0

[Event "Late-Titled-Tuesday-Blitz-May-28-2024"]
[Site "Chess.com"]
[Date "2024.05.28"]
[Round "7"]
[White "Zq1"]
[Black "WildBizon"]
[Result "0-1"]
[WhiteElo "2539"]
[BlackElo "2729"]
[TimeControl "180+1"]
[EndTime "15:15:25 PDT"]
[Termination "WildBizon won by resignation"]

1. d4 Nf6 2. c4 b6 3. Nc3 Bb7 4. d5 e6 5. a3 exd5 6. cxd5 c6 7.
g3 Nxd5 8. Nxd5 cxd5 9. Bg2 Qf6 10.
Nh3 Bc5 11. O-O O-O 12. Nf4 h6 13. Nxd5 Bxd5 14. Qxd5 Nc6 15. e3 Rad8 16. Ra2 Ne7 17. Qf3 Qe6 18. Ra1 a5 19. Bd2 d5 20. b4 axb4 21. axb4 Bd6 22. Bc3 Be5 23. Bxe5 Qxe5 24. Rad1 d4 25. exd4 Rxd4 26. Rfe1 Rxd1 27. Qxd1 Qc7 28.
Qe2 Nf5 29. Qe5 Qxe5 30. Rxe5 Nd6 31. Re7 Rd8 32. Bd5 Kf8 33. Rd7 Rxd7 0-1

[Event "Late-Titled-Tuesday-Blitz-May-28-2024"]
[Site "Chess.com"]
[Date "2024.05.28"]
[Round "7"]
[White "KirAk47"]
[Black "MarcoRiehle"]
[Result "1-0"]
[WhiteElo "2593"]
[BlackElo "2770"]
[TimeControl "180+1"]
[EndTime "15:15:26 PDT"]
[Termination "KirAk47 won by resignation"]

1. e4 e5 2. Nf3 Nc6 3. Bb5 a6 4. Ba4 Nf6 5. d3 d6 6. O-O g6 7. c3 Bg7 8. Re1 O-O 9. Nbd2 b5 10. Bc2 Re8 11. Nf1 d5 12. Qe2 Be6 13. a4 dxe4 14. dxe4 Bc4 15. Qd1 Na5 16. axb5 axb5 17. Ne3 Qxd1 18.
Rxd1 Nb3 19. Rxa8 Rxa8 20. Nxc4 bxc4 21. Nxe5 Ra1 22. Be3 Nxe4 23. Nxc4 Rxd1+ 24. Bxd1 Nbc5 25. f3 Nd6 26. Nxd6 cxd6 27. b4 Ne6 28. Bb3 Bxc3 29. Bxe6 fxe6 30. b5 d5 31. f4 d4 32. b6 dxe3 33. b7 Bd4 34. b8=Q+ Kg7 35. Kf1 Kf6 36. Qh8+ 1-0

[Event "Late-Titled-Tuesday-Blitz-May-28-2024"]
[Site "Chess.com"]
[Date "2024.05.28"]
[Round "7"]
[White "FMalexhdez"]
[Black "SoCalJuniorChess"]
[Result "1-0"]
[WhiteElo "2269"]
[BlackElo "2211"]
[TimeControl "180+1"]
[EndTime "15:15:32 PDT"]
[Termination "FMalexhdez won by resignation"]

1. d4 Nf6 2. Nf3 c5 3. c3 cxd4 4. cxd4 d5 5. Bf4 Qb6 6. Qb3 Nc6 7. e3 Bf5 8. Nc3 e6 9. Bb5 Be7 10. Ne5 O-O 11. Bxc6 bxc6 12. Qxb6 axb6 13. Nxc6 Rfe8 14. Nxe7+ Rxe7 15. f3 Rd7 16. Kd2 Nh5 17. Bg3 Nxg3 18. hxg3 h6 19. Rhc1 Rda7 20. a4 Ra5 21. b4 R5a7 22.
Ra3 b5 23. a5 Rb8 24. Ne2 f6 25. Rac3 e5 26. Rc5 Rd7 27. Rc8+ Rxc8 28. Rxc8+ Kf7 29.
Rb8 Rc7 30. Nc3 exd4 31. exd4 Rc4 32. Rxb5 Rxd4+ 33. Ke1 Ke6 34. a6 Bd3 35. Rb6+ Kd7 36. a7 1-0